 Dungeon Crawl Stone Soup version 0.29-a0-284-gf9362112df (webtiles) character file.

Game seed: 7567263672237057496

530 mistaj the Chopper (level 7, -7/60 (66) HPs)
             Began as a Deep Dwarf Monk on Mar 22, 2022.
             Mangled by a wight
             ... wielding a +1 halberd
              (10 damage)
             ... on level 4 of the Dungeon.
             The game lasted 00:11:58 (3714 turns).

mistaj the Chopper (Deep Dwarf Monk)                Turns: 3714, Time: 00:11:59

HP:   -7/60 (66)    AC:  7    Str: 16    XL:     7   Next: 3%
MP:   5/5           EV: 17    Int: 11    God:
Gold: 153           SH:  0    Dex: 15    Spells: 6/6 levels left

rFire   . . .      SeeInvis .   a - +0 hand axe
rCold   . . .      Faith    .   (no shield)
rNeg    . . .      Spirit   .   e - +0 ring mail
rPois   .          Reflect  .   (no helmet)
rElec   .          Harm     .   (no cloak)
rCorr   .          Rampage  .   (no gloves)
Will    +....                   w - +0 pair of boots
Stlth   +.........              (no amulet)
HPRegen 0.00/turn               l - +4 ring of evasion
MPRegen 0.09/turn               (no ring)

@: drained
A: damage resistance, heal wounds, sense surroundings 1, no regeneration
a: Heal Wounds


You were on level 4 of the Dungeon.
You visited 1 branch of the dungeon, and saw 6 of its levels.

You collected 153 gold pieces.

Inventory:

Hand Weapons
 a - a +0 hand axe (weapon)
 f - a +4 dagger
 q - a +4 short sword
Missiles
 g - 10 poisoned darts
 o - a throwing net
Armour
 e - a +0 ring mail (worn)
 w - a +0 pair of boots (worn)
Jewellery
 l - a +4 ring of evasion (left hand)
Wands
 t - a wand of mindburst (31)
Scrolls
 b - 3 scrolls of teleportation {unknown}
 d - 2 scrolls of torment {unknown}
 j - a scroll of fear {unknown}
 n - 2 scrolls of immolation {unknown}
 p - a scroll of noise {unknown}
 s - a scroll of enchant weapon {unknown}
 u - a scroll of enchant armour {unknown}
 v - a scroll of amnesia {unknown}
Potions
 c - a potion of ambrosia
 h - a potion of mutation {unknown}
 i - 2 potions of brilliance
 k - 2 potions of lignification
 m - a potion of curing {unknown}
 r - 2 potions of attraction
 x - 2 potions of heal wounds


   Skills:
 + Level 4.3 Fighting
 + Level 5.2 Axes
 + Level 3.7 Armour
 + Level 5.2 Dodging
 - Level 2.4 Stealth


You had 6 spell levels left.
You didn't know any spells.
Your spell library contained the following spells:

 Spells                   Type           Power      Damage    Failure   Level
 Conjure Flame            Conj/Fire      0%         6-21      88%         3
 Ignite Poison            Fire/Tmut/Pois 0%         N/A       88%         3
 Sticky Flame             Conj/Fire      0%         2d3       99%         4


Dungeon Overview and Level Annotations

Branches:
Dungeon (6/15)
 Temple: D:4-7

Altars:
Cheibriados
Elyvilon
Okawaru
Qazlal
Sif Muna
Wu Jian
Yredelemnul

Shops:
D:3 =   D:4 [


Innate Abilities, Weirdness & Mutations

You are resistant to damage.
You can heal yourself by infusing magical energy.
You passively map a small area around you.
You do not regenerate.


Message History

The wight hits you from afar with a +1 halberd.
The wight hits you with a +1 halberd.
You hit the wight.
The wight is lightly damaged.
The wight hits you with a +1 halberd!
You feel drained.
You barely miss the wight.
The wight is lightly damaged.
The wight misses you.
You hit the wight.
The wight is moderately damaged.
The wight hits you with a +1 halberd!
* * * LOW HITPOINT WARNING * * *
You feel drained.
You completely miss the wight.
The wight is moderately damaged.
The wight hits you with a +1 halberd!
* * * LOW HITPOINT WARNING * * *
You barely miss the wight.
The wight is moderately damaged.
The wight barely misses you.
You hit the wight.
The wight is heavily damaged.
The wight barely misses you.
You feel much better. The wight completely misses you.
You hit the wight.
The wight is severely damaged.
The wight barely misses you.
You hit the wight. Your punch misses the wight.
The wight is severely damaged.
The wight hits you with a +1 halberd!
* * * LOW HITPOINT WARNING * * *
You feel drained.
You closely miss the wight.
The wight is severely damaged.
The wight hits you with a +1 halberd!
* * * LOW HITPOINT WARNING * * *
You barely miss the wight.
The wight is severely damaged.
The wight hits you with a +1 halberd!
You die...

..>......# * *#.#. ########.#
###### ### #.#.
######.#####....###.## #.#.
#................#.#.## #.#.
##..#.##.##.##.##..###.### #.#.
#..###############..##...# #.#.
#...# ,* ,#..#.##....#.####.#.
#..## , #z.#..#####.#....#.
##...# * #@.##....#......).
....###############...#...#.#####
##...#.##.##.##.##..#.#####.#
#....................# #.#
#############.####.### #.# ###
#.####.#### #.# ####.##
#.รท........ ..# ....#.##
#..######## ### ##.###.## #..#


You could see a wight.

Vanquished Creatures
  3 scorpions
  2 hounds
  An orc priest (D:6)
  2 iguanas (D:5)
  2 orc wizards (D:6)
  7 adders
  A shadow imp (D:5)
  2 dart slugs
  2 orcs (D:6)
  9 endoplasms
  4 giant cockroaches
  6 goblins
  11 hobgoblins
  A jackal (D:2)
  11 kobolds
  8 quokkas
  8 ball pythons
  4 bats
  5 frilled lizards
  6 rats
95 creatures vanquished.

Vanquished Creatures (others)
  2 scorpions (D:5)
  An orc wizard (D:5)
  7 fungi (D:2)
  4 plants (D:2)
14 creatures vanquished.

Grand Total: 109 creatures vanquished

Notes
Turn   | Place    | Note
-------+----------+-------------------------------------------
     0 | D:1      | mistaj the Deep Dwarf Monk began the quest for the Orb.
     0 | D:1      | Reached XP level 1. HP: 20/20 MP: 1/1
   156 | D:1      | Reached XP level 2. HP: 27/27 MP: 2/2
   281 | D:1      | Reached skill level 1 in Armour
   553 | D:1      | Reached XP level 3. HP: 16/34 MP: 3/3
  1393 | D:2      | Found a faded altar of an unknown god.
  1696 | D:2      | Reached XP level 4. HP: 30/42 MP: 3/3
  1851 | D:3      | Found Roeshroaq's Jewellery Emporium.
  1872 | D:3      | Noticed a scorpion
  1896 | D:3      | Killed a scorpion
  1927 | D:3      | Found an ornate altar of the Wu Jian Council.
  2011 | D:3      | Reached XP level 5. HP: 30/49 MP: 4/4
  2015 | D:3      | Found a shimmering blue altar of Sif Muna.
  2232 | D:3      | Found a white marble altar of Elyvilon.
  2277 | D:3      | Found a basalt altar of Yredelemnul.
  2399 | D:3      | Found a snail-covered altar of Cheibriados.
  2856 | D:4      | Found Ythoas's Armour Shoppe.
  3006 | D:4      | You fall into a shaft and drop 2 floors!
  3076 | D:6      | HP: 1/50 [something/puff of flame (5)]
  3092 | D:6      | Reached XP level 6. HP: 24/57 MP: 5/5
  3246 | D:6      | Found an iron altar of Okawaru.
  3275 | D:5      | Entered Level 5 of the Dungeon
  3342 | D:5      | Reached skill level 5 in Axes
  3342 | D:5      | Reached skill level 5 in Dodging
  3422 | D:5      | Reached XP level 7. HP: 36/66 MP: 5/5
  3427 | D:5      | Found a stormy altar of Qazlal.
  3427 | D:5      | Noticed a fire elemental
  3707 | D:4      | HP: 1/62 [wight/+1 halberd (10)]
  3713 | D:4      | HP: 3/60 [wight/+1 halberd (12)]
  3714 | D:4      | Mangled by a wight

Illustrated notes

Levels and vault maps discovered:
D:1:      heliophobic_arrival_ceremonial_halls, layout_basic,
          minmay_misc_feat_four_crosses, dreamdust_mushroom_princess
D:2:      kb_forest_paths, layout_basic, dreamdust_ecumenical_altar_grove
D:3:      layout_loops_ring, mainiacjoe_overflow_small_starburst,
          nicolae_overflow_crystal_walls, mainiacjoe_overflow_tiny_flanked,
          mainiacjoe_overflow_brackets, mainiacjoe_overflow_24_doors,
          serial_shops, shop, dk_vineyard_2, bh_walls_and_bars
D:4:      layout_loops_ring, minmay_temple_entry_antechambers, serial_shops,
          nicolae_shop_crystal, minmay_manual_macuahuitl,
          uniq_crazy_yiuf_cottage
D:5:      layout_cave_pools, xom_confusion_cloud,
          nicolae_qazlal_style_of_elements
D:6:      layout_loops_corners, mainiacjoe_overflow_catwalk

Skill      XL: |  1  2  3  4  5  6 |
---------------+-------------------+-----
Armour         | 1 2 3 |  3.7
Fighting       | 3 4 |  4.3
Axes           | 4 5 |  5.2
Dodging        | 4 5 |  5.2
Stealth        | |  2.4

Action                   |  1- 3 |  4- 6 |  7- 9 || total
-------------------------+-------+-------+-------++-------
Melee: Hand axe          |   142 |   223 |    14 ||   379
       Punch             |     3 |     2 |       ||     5
 Abil: Heal Wounds       |     1 |     4 |     1 ||     6
  Use: Scroll            |       |     4 |       ||     4
 Stab: Sleeping          |     8 |     4 |       ||    12
       Distracted        |       |     1 |       ||     1
Armor: Robe              |     8 |       |       ||     8
       Ring mail         |    28 |    69 |     1 ||    98
Dodge: Dodged            |    89 |   187 |    12 ||   288

Table legend: (Time is in decaauts)
 A = Elapsed time spent in this place.
 B = Non-inter-level travel time spent in this place.
 C = Inter-level travel time spent in this place.
 D = Time resting spent in this place.
 E = Time spent auto-exploring this place.
 F = Levels seen in this place.
 G = Mean time per level.
                   A        B        C        D        E       F      G
               +--------+--------+--------+--------+--------+-----+--------+
         Total |   3746 |   3649 |     97 |    254 |   1473 |   6 |  624.3 |
       Dungeon |   3746 |   3649 |     97 |    254 |   1473 |   6 |  624.3 |
               +--------+--------+--------+--------+--------+-----+--------+

Top non-repeatable levels by time:
     D:3: 994 daAuts
     D:1: 967 daAuts
     D:2: 900 daAuts
     D:4: 447 daAuts
     D:6: 271 daAuts
     D:5: 166 daAuts
